Map: [ESL] Gresvan

Players

Future - Winner!

  • Race: Terran Terran
  • Spawn Location: 5:00

Ukko

  • Race: Zerg Zerg
  • Spawn Location: 11:00

Event: ESL SC2 Masters 2023 Summer (Regionals)

VOD

Have the link to the VOD?

Description

Time

  • Played on: May 5, 2023, 1:55 p.m.
  • Length: 9:27

All games in this series

Show
View Real Time Build Order
Export as new Build Order

Future Terran - Winner!

Build Orders: Liberator Opening, Reaper Expand 

Get SALT Encoding   

  12  0:00  SCV  
  13  0:12  SCV  
  14  0:16  Supply Depot  
  14  0:24  SCV  
  15  0:38  SCV  
  15  0:40  Barracks  
  16  0:43  Refinery  
  16  0:50  SCV  
  17  1:02  SCV  
  18  1:14  SCV  
  19  1:27  Orbital Command, Reaper  
  20  1:39  Command Center  
  20  1:48  Supply Depot  
  20  1:53  SCV  
  21  1:59  Marine  
  22  2:05  SCV  
  22  2:07  Factory  
  23  2:17  SCV  
  23  2:19  Refinery  
  25  2:25  Barracks Reactor  
  25  2:29  SCV  
  25  2:41  SCV  
  26  2:51  Orbital Command  
  26  2:53  SCV  
  26  2:54  Starport  
  27  3:06  SCV  
  27  3:08  Marine  
  27  3:10  Hellion  
  27  3:11  Hellion  
  33  3:15  Supply Depot  
  33  3:18  SCV  
  34  3:25  SCV  
  35  3:30  Liberator, SCV  
  35  3:31  Hellion  
  35  3:32  Hellion  
  43  3:37  Supply Depot  
  43  3:38  SCV  
  44  3:42  SCV  
  44  3:45  Armory  
  44  3:50  SCV  
  44  3:52  Hellion  
  44  3:54  Hellion, SCV  
  50  3:56  Barracks Tech Lab  
  50  4:02  SCV  
  51  4:04  Supply Depot  
  51  4:06  SCV  
  52  4:14  SCV, Hellion  
  52  4:15  Hellion, Starport Reactor  
  52  4:16  Stimpack  
  57  4:18  SCV  
  58  4:27  SCV  
  58  4:30  SCV  
  60  4:33  Command Center  
  60  4:38  Supply Depot  
  60  4:39  SCV  
  60  4:42  SCV  
  62  4:48  Barracks x2  
  62  4:51  SCV, Factory Tech Lab  
  63  4:54  SCV  
  63  4:56  Marine  
  65  5:02  Engineering Bay x2, Supply Depot  
  65  5:05  SCV  
  66  5:07  Starport Reactor  
  66  5:13  Hellion x6, SCV  
  66  5:14  Marine  
  65  5:15  Refinery  
  65  5:17  SCV, Refinery  
  65  5:20  Siege Tank  
  70  5:25  SCV, Supply Depot  
  71  5:29  SCV  
  71  5:32  Marine  
  70  5:39  SCV  
  70  5:40  Terran Infantry Weapons Level 1, Terran Infantry Armor Level 1  
  70  5:41  SCV  
  68  5:43  Marine x2  
  68  5:49  Marine  
  70  5:51  Orbital Command  
  70  5:55  SCV x2  
  66  5:57  Marine  
  66  6:01  Combat Shield, Siege Tank  
  68  6:05  Marine x3  
  68  6:07  SCV x2, Marine  
  68  6:10  Medivac  
  76  6:11  Medivac  
  76  6:13  Orbital Command  
  76  6:15  Marine  
  79  6:21  SCV x2  
  79  6:24  Marine x3  
  79  6:25  Marine  
  84  6:27  Barracks  
  84  6:28  Barracks  
  85  6:33  Marine, SCV  
  85  6:34  SCV, Siege Tank  
  85  6:39  Bunker, SCV  
  92  6:42  Marine x2, Supply Depot  
  92  6:45  Marine x2  
  96  6:48  Medivac  
  96  6:51  SCV x3, Marine  
  96  6:53  Medivac  
  104  7:00  Marine  
  105  7:02  Supply Depot x2  
  105  7:03  SCV x3  
  105  7:04  Marine  
  105  7:05  Marine x2  
  105  7:07  Siege Tank  
  114  7:14  Marine  
  114  7:15  SCV  
  116  7:16  Barracks Reactor x2  
  116  7:17  SCV  
  117  7:23  Barracks, SCV  
  117  7:24  Marine  
  117  7:25  Barracks  
  117  7:26  Barracks  
  119  7:32  Supply Depot x2  
  119  7:33  Marine x3  
  119  7:34  Marine  
  123  7:45  Marine  
  123  7:46  Siege Tank  
  123  7:51  Marine x2  
  127  7:52  Marine  
  127  7:55  Supply Depot  
  127  7:57  Marine, Supply Depot  
  127  7:58  Marine x2, Supply Depot  
  133  7:59  Marine  
  133  8:01  Medivac  
  136  8:07  Marine  
  136  8:08  Marine  
  136  8:09  Medivac  
  136  8:10  Marine  
  141  8:13  Marine  
  141  8:16  Marine  
  141  8:18  Marine x2  
  137  8:24  Marine x2  
  128  8:28  Marine x4  
  128  8:33  Marine x3  
  135  8:35  Siege Tank  
  135  8:38  Marine  
  135  8:39  Marine x2  
  141  8:42  Marine x2  
  141  8:46  Marine x4  
  147  8:50  Marine  
  147  8:55  Marine  
  142  8:56  Marine x2  
  142  8:57  Marine x2  
  142  8:59  Marine  
  142  9:00  Marine  
  149  9:04  Marine x4  
  149  9:08  Marine  
Show
View Real Time Build Order
Export as new Build Order

Ukko Zerg 

Build Orders: Hatch First 

Get SALT Encoding   

  12  0:00  Drone  
  13  0:12  Overlord  
  13  0:16  Drone  
  14  0:30  Drone x2  
  16  0:48  Hatchery  
  15  0:50  Drone  
  15  0:54  Drone  
  17  0:58  Drone  
  18  1:09  Extractor  
  17  1:12  Spawning Pool  
  17  1:16  Drone  
  17  1:19  Drone  
  18  1:27  Drone  
  19  1:38  Drone  
  20  1:48  Overlord  
  20  1:59  Queen x2  
  20  2:00  Zergling x4  
  26  2:10  Drone  
  26  2:11  Drone  
  28  2:17  Metabolic Boost  
  28  2:23  Drone x2  
  28  2:24  Extractor  
  29  2:43  Hatchery  
  28  2:45  Drone x4  
  28  2:51  Queen  
  32  2:56  Overlord  
  34  2:59  Drone  
  34  3:04  Drone  
  36  3:11  Overlord  
  36  3:13  Queen  
  36  3:15  Drone x2  
  40  3:26  Drone x3  
  42  3:30  Drone  
  42  3:32  Queen  
  45  3:36  Drone  
  46  3:43  Drone  
  46  3:47  Zergling x2  
  48  3:48  Zergling x2  
  48  3:49  Queen  
  51  3:55  Drone  
  51  3:57  Overlord  
  51  3:59  Drone  
  51  4:02  Drone x3  
  56  4:06  Queen  
  58  4:15  Queen  
  60  4:19  Zergling x8  
  64  4:28  Drone x2  
  66  4:31  Lair  
  66  4:33  Spore Crawler x2  
  66  4:34  Overlord x2, Spore Crawler  
  66  4:37  Drone x2  
  65  4:38  Drone  
  66  4:52  Queen  
  68  4:53  Overlord  
  68  5:02  Queen  
  68  5:10  Drone x4  
  68  5:11  Drone x7  
  77  5:15  Drone x2  
  79  5:27  Drone  
  79  5:28  Queen  
  82  5:36  Drone x2  
  82  5:37  Queen  
  82  5:42  Baneling Nest  
  84  5:43  Extractor  
  84  5:44  Extractor  
  84  5:45  Extractor  
  81  5:50  Overlord x3  
  81  5:51  Zergling x12  
  84  6:01  Drone x3  
  84  6:03  Queen  
  89  6:07  Drone  
  90  6:12  Extractor, Hatchery  
  90  6:13  Extractor, Drone x4  
  90  6:14  Evolution Chamber  
  90  6:15  Evolution Chamber  
  90  6:16  Drone  
  90  6:17  Infestation Pit  
  90  6:18  Drone  
  90  6:24  Drone x4  
  94  6:28  Centrifugal Hooks  
  94  6:33  Drone x4  
  94  6:38  Drone x3  
  101  6:42  Drone x3  
  101  6:43  Drone  
  105  6:49  Drone x5  
  105  6:51  Zerg Melee Weapons Level 1  
  110  6:56  Zerg Ground Armor Level 1  
  110  6:59  Pathogen Glands  
  110  7:00  Zergling x2  
  110  7:01  Zergling x2  
  112  7:02  Zergling x2  
  112  7:03  Zergling x2  
  114  7:10  Overlord  
  114  7:11  Overlord  
  114  7:14  Baneling  
  114  7:15  Baneling x11  
  114  7:18  Overlord x2  
  114  7:25  Overlord  
  114  7:30  Hatchery  
  114  7:32  Zergling x16  
  114  7:36  Baneling x2  
  114  7:37  Baneling, Infestor x3  
  121  7:38  Zergling x2  
  128  7:54  Zergling x16  
  136  8:02  Infestor  
  136  8:05  Hatchery  
  137  8:06  Hive  
  130  8:21  Zergling x14  
  130  8:26  Zergling x10  
  121  8:35  Queen x2, Zergling x16  
  126  8:50  Zergling x14  
  128  8:59  Zergling x10  
  133  9:06  Zergling x16  
Tags
 
Add a new tag
Caveats
  • Supply blocks, unpowered buildings, or Contaminate may cause inaccurate times.
  • Supply counts are checked every 10 seconds.